BSA
VISTA PANTHERS @ NEW ORLEANS LOOTERS
04/24/2030
 
TOP OF THE 1ST
Vista Panthers batting - Pitching for New Orleans Looters : RHP Edward Baker
Pitching: RHP Edward Baker
Batting: RHB Johnny Williams 0-0: Called Strike
0-1: DOUBLE (Flyball, 89XD)
Batting: LHB Clyde Yarbrough 0-0: Ball
1-0: Ball
2-0: Called Strike
2-1: Ground out 4-3 (Groundball, 4)
Johnny Williams to third
Batting: RHB Jake Reeves 0-0: Called Strike
0-1: Foul Ball, location: 2F
0-2: Strikes out swinging
Batting: LHB Dante Owens 0-0: Foul Ball, location: 2F
0-1: Ball
1-1: Ball
2-1: Foul Ball, location: 2F
2-2: Ground out 4-3 (Groundball, 4)
Top of the 1st over - 0 runs, 1 hit, 0 errors, 1 left on base; Vista 0 - New Orleans 0
BOTTOM OF THE 1ST
New Orleans Looters batting - Pitching for Vista Panthers : RHP Javier Moreno
Pitching: RHP Javier Moreno
Batting: LHB Miguel Colón 0-0: Ball
1-0: Swinging Strike
1-1: Ball
2-1: SINGLE (Groundball, 4MD)
Batting: RHB Rubén Vázquez 0-0: Ball
1-0: Ball
2-0: Ball
3-0: Base on Balls
Miguel Colón to second
Batting: SHB Arturo Sánchez 0-0: Foul Ball, location: 2F
0-1: Ball
1-1: Ball
2-1: Fly out, F7 (Line Drive, 78D)
Batting: RHB Greg Handrahan 0-0: Swinging Strike
0-1: Ball
1-1: Ball
2-1: Foul Ball, location: 2F
2-2: Strikes out swinging
Batting: SHB Oliver Deleón 0-0: Ball
1-0: Foul Ball, location: 2F
1-1: Fly out, F8 (Flyball, 78M)
Bottom of the 1st over - 0 runs, 1 hit, 0 errors, 2 left on base; Vista 0 - New Orleans 0
TOP OF THE 2ND
Vista Panthers batting - Pitching for New Orleans Looters : RHP Edward Baker
Batting: RHB Cisco Gatán 0-0: Ball
1-0: Ball
2-0: Swinging Strike
2-1: Fly out, F9 (Flyball, 89D)
Batting: RHB Justin Burgess 0-0: Ball
1-0: Called Strike
1-1: Swinging Strike
1-2: Strikes out swinging
Batting: RHB Phil Matthews 0-0: Ball
1-0: Ball
2-0: Ground out 1-3 (Groundball, 15)
Top of the 2nd over - 0 runs, 0 hits, 0 errors, 0 left on base; Vista 0 - New Orleans 0
BOTTOM OF THE 2ND
New Orleans Looters batting - Pitching for Vista Panthers : RHP Javier Moreno
Batting: RHB Dan Banks 0-0: Called Strike
0-1: Foul Ball, location: 2F
0-2: Fly out, F9 (Flyball, 89M)
Batting: RHB Tim Gardner 0-0: Ball
1-0: Ball
2-0: Foul Ball, location: 2F
2-1: Reached on error, E5 (Groundball, 56)
Batting: RHB Run-ming Zhu 0-0: Fly out, F7 (Flyball, 7LM)
Batting: LHB Mario Álvarez 0-0: Ball
1-0: Ground out 4-3 (Groundball, 4)
Bottom of the 2nd over - 0 runs, 0 hits, 1 error, 1 left on base; Vista 0 - New Orleans 0
TOP OF THE 3RD
Vista Panthers batting - Pitching for New Orleans Looters : RHP Edward Baker
Batting: LHB Francisco Marino 0-0: Called Strike
0-1: Ball
1-1: Swinging Strike
1-2: Strikes out swinging
Batting: LHB Ramiro Martínez 0-0: Fly out, F8 (Flyball, 8RD)
Batting: RHB Johnny Williams 0-0: Called Strike
0-1: Called Strike
0-2: Strikes out swinging
Top of the 3rd over - 0 runs, 0 hits, 0 errors, 0 left on base; Vista 0 - New Orleans 0
BOTTOM OF THE 3RD
New Orleans Looters batting - Pitching for Vista Panthers : RHP Javier Moreno
Batting: LHB Miguel Colón 0-0: Called Strike
0-1: Foul Ball, location: 2F
0-2: Ball
1-2: Ground out 6-3 (Groundball, 6D)
Batting: RHB Rubén Vázquez 0-0: Called Strike
0-1: Ground out 6-3 (Groundball, 56)
Batting: SHB Arturo Sánchez 0-0: Ball
1-0: Ball
2-0: Ball
3-0: Called Strike
3-1: Base on Balls
Batting: RHB Greg Handrahan 0-0: Called Strike
0-1: Ball
1-1: Ball
2-1: Foul Ball, location: 2F
2-2: Strikes out looking
Bottom of the 3rd over - 0 runs, 0 hits, 0 errors, 1 left on base; Vista 0 - New Orleans 0
TOP OF THE 4TH
Vista Panthers batting - Pitching for New Orleans Looters : RHP Edward Baker
Batting: LHB Clyde Yarbrough 0-0: Called Strike
0-1: Called Strike
0-2: Fly out, F7 (Flyball, 7)
Batting: RHB Jake Reeves 0-0: Called Strike
0-1: Ball
1-1: Swinging Strike
1-2: Fly out, F8 (Flyball, 78D)
Batting: LHB Dante Owens 0-0: Ball
1-0: Ball
2-0: Foul Ball, location: 2F
2-1: Fly out, F8 (Line Drive, 8RD)
Top of the 4th over - 0 runs, 0 hits, 0 errors, 0 left on base; Vista 0 - New Orleans 0
BOTTOM OF THE 4TH
New Orleans Looters batting - Pitching for Vista Panthers : RHP Javier Moreno
Batting: SHB Oliver Deleón 0-0: Called Strike
0-1: Ball
1-1: Ball
2-1: Foul Ball, location: 2F
2-2: Ball
3-2: SINGLE (Groundball, 4MD)
Batting: RHB Dan Banks 0-0: Called Strike
0-1: Fly out, F8 (Flyball, 8RM)
Batting: RHB Tim Gardner 0-0: Ball
1-0: Fly out, F6 (Popup, 6)
Batting: RHB Run-ming Zhu 0-0: Foul Ball, location: 2F
0-1: Ball
1-1: Foul Ball, location: 2F
1-2: Foul Ball, location: 2F
1-2: Strikes out swinging
Bottom of the 4th over - 0 runs, 1 hit, 0 errors, 1 left on base; Vista 0 - New Orleans 0
TOP OF THE 5TH
Vista Panthers batting - Pitching for New Orleans Looters : RHP Edward Baker
Batting: RHB Cisco Gatán 0-0: Foul Ball, location: 2F
0-1: Swinging Strike
0-2: Foul Ball, location: 2F
0-2: Strikes out swinging
Batting: RHB Justin Burgess 0-0: Called Strike
0-1: Ground out 5-3 (Groundball, 56)
Batting: RHB Phil Matthews 0-0: Ball
1-0: Ball
2-0: Called Strike
2-1: Ground out 5-3 (Groundball, 56)
Top of the 5th over - 0 runs, 0 hits, 0 errors, 0 left on base; Vista 0 - New Orleans 0
BOTTOM OF THE 5TH
New Orleans Looters batting - Pitching for Vista Panthers : RHP Javier Moreno
Batting: LHB Mario Álvarez 0-0: Ball
1-0: Ball
2-0: Ball
3-0: Called Strike
3-1: Foul Ball, location: 2F
3-2: Foul Ball, location: 2F
3-2: Foul Ball, location: 2F
3-2: SINGLE (Groundball, 4D)
Batting: LHB Miguel Colón 0-0: Ball
Mario Álvarez steals 2nd base
1-0: Intentional Walk
Batting: RHB Rubén Vázquez 0-0: Ball
1-0: Ball
2-0: SINGLE (Line Drive, 9S)
Mario Álvarez to third
Miguel Colón to second
Runner from 3rd tries for Home, SAFE, throw made home
Batting: SHB Arturo Sánchez 0-0: Ball
1-0: Swinging Strike
1-1: Ball
2-1: Ball
3-1: Base on Balls
Miguel Colón to third
Rubén Vázquez to second
Batting: RHB Greg Handrahan 0-0: Fly out, F9 (Flyball, 9S)
Runner from 3rd tags up, SCORES, throw made
Batting: SHB Oliver Deleón 0-0: Called Strike
0-1: Foul Ball, location: 2F
0-2: SINGLE (Flyball, 78M)
Rubén Vázquez to third
Arturo Sánchez to second
Runner from 3rd tries for Home, SAFE, no throw
Batting: RHB Dan Banks 0-0: Called Strike
0-1: Ball
1-1: TRIPLE (Flyball, 9D)
Arturo Sánchez scores
Oliver Deleón scores
Pitching: LHP Martin Lowry
Batting: RHB Tim Gardner 0-0: Ball
1-0: Foul Ball, location: 2F
1-1: Ball
2-1: Swinging Strike
2-2: Ball
3-2: Fly out, F4 (Popup, 34D)
Batting: RHB Run-ming Zhu 0-0: Swinging Strike
0-1: Called Strike
0-2: Strikes out swinging
Bottom of the 5th over - 5 runs, 4 hits, 0 errors, 1 left on base; Vista 0 - New Orleans 5
TOP OF THE 6TH
Vista Panthers batting - Pitching for New Orleans Looters : RHP Edward Baker
Batting: LHB Francisco Marino 0-0: Fly out, F7 (Flyball, 7D)
Batting: LHB Ramiro Martínez 0-0: Called Strike
0-1: Ball
1-1: SINGLE (Groundball, 34D)
Batting: RHB Johnny Williams 0-0: Called Strike
0-1: Foul Ball, location: 2F
0-2: Strikes out swinging
Batting: LHB Clyde Yarbrough 0-0: Called Strike
0-1: Called Strike
0-2: Ball
1-2: SINGLE (Line Drive, 8RS)
Ramiro Martínez to second
Batting: RHB Jake Reeves 0-0: Ball
1-0: Ball
2-0: Swinging Strike
2-1: Foul Ball, location: 2F
2-2: Ball
3-2: Fly out, F8 (Flyball, 8LXD)
Top of the 6th over - 0 runs, 2 hits, 0 errors, 2 left on base; Vista 0 - New Orleans 5
BOTTOM OF THE 6TH
New Orleans Looters batting - Pitching for Vista Panthers : LHP Martin Lowry
Batting: LHB Mario Álvarez 0-0: Ball
1-0: Swinging Strike
1-1: SINGLE (Flyball, 78S)
Batting: LHB Miguel Colón 0-0: Ball
1-0: Ball
2-0: Fly out, F8 (Flyball, 8LXD)
Batting: RHB Rubén Vázquez 0-0: Called Strike
0-1: Ball
1-1: SINGLE (Groundball, 4M) (infield hit)
Mario Álvarez to second
Batting: SHB Arturo Sánchez 0-0: Called Strike
0-1: Foul Ball, location: 2F
0-2: Foul Ball, location: 2F
0-2: Ball
1-2: Strikes out looking
Batting: RHB Greg Handrahan 0-0: Ball
1-0: Ground out 4-3 (Groundball, 4)
Bottom of the 6th over - 0 runs, 2 hits, 0 errors, 2 left on base; Vista 0 - New Orleans 5
TOP OF THE 7TH
Vista Panthers batting - Pitching for New Orleans Looters : RHP Edward Baker
Batting: LHB Dante Owens 0-0: Ball
1-0: Foul Ball, location: 2F
1-1: SINGLE (Line Drive, 34D)
Batting: RHB Cisco Gatán 0-0: Called Strike
0-1: Called Strike
0-2: Ball
1-2: Foul Ball, location: 2F
1-2: Ball
2-2: Foul Ball, location: 2F
2-2: Ball
3-2: Foul Ball, location: 2F
3-2: Strikes out swinging
Batting: RHB Justin Burgess 0-0: Called Strike
0-1: Ball
1-1: Fly out, F4 (Popup, 34)
Batting: RHB Phil Matthews 0-0: Ball
1-0: Ball
2-0: Called Strike
2-1: Ball
3-1: Base on Balls
Dante Owens to second
Batting: LHB Francisco Marino 0-0: Ball
1-0: Ball
2-0: Ground out 4-3 (Groundball, 4)
Top of the 7th over - 0 runs, 1 hit, 0 errors, 2 left on base; Vista 0 - New Orleans 5
BOTTOM OF THE 7TH
New Orleans Looters batting - Pitching for Vista Panthers : LHP Martin Lowry
Batting: SHB Oliver Deleón 0-0: Ball
1-0: Ball
2-0: Called Strike
2-1: Ground out 4-3 (Groundball, 4)
Batting: RHB Dan Banks 0-0: Ball
1-0: Fly out, F7 (Flyball, 78S)
Batting: RHB Tim Gardner 0-0: Ball
1-0: SINGLE (Groundball, 6MD)
Batting: RHB Run-ming Zhu 0-0: Foul Ball, location: 2F
0-1: Ball
1-1: Ball
2-1: Swinging Strike
2-2: Ball
3-2: Fly out, F8 (Flyball, 8RM)
Bottom of the 7th over - 0 runs, 1 hit, 0 errors, 1 left on base; Vista 0 - New Orleans 5
TOP OF THE 8TH
Vista Panthers batting - Pitching for New Orleans Looters : RHP Edward Baker
Batting: LHB Ramiro Martínez 0-0: Swinging Strike
0-1: Fly out, F6 (Popup, 6)
Batting: RHB Johnny Williams 0-0: Ground out 6-3 (Groundball, 6M)
Batting: LHB Clyde Yarbrough 0-0: Ball
1-0: SINGLE (Groundball, 5D)
Batting: RHB Jake Reeves 0-0: Ball
1-0: Fly out, F7 (Flyball, 7)
Top of the 8th over - 0 runs, 1 hit, 0 errors, 1 left on base; Vista 0 - New Orleans 5
BOTTOM OF THE 8TH
New Orleans Looters batting - Pitching for Vista Panthers : LHP Martin Lowry
Batting: LHB Mario Álvarez 0-0: Ball
1-0: Ball
2-0: SINGLE (Line Drive, 78S)
Batting: LHB Miguel Colón 0-0: Foul Ball, location: 2F
0-1: SINGLE (Groundball, 56D)
Mario Álvarez to second
Batting: RHB Rubén Vázquez 0-0: Foul Ball, location: 2F
0-1: Ground out 3-1 (Groundball, 34S)
Mario Álvarez to third
Miguel Colón to second
Batting: SHB Arturo Sánchez 0-0: Ball
1-0: Called Strike
1-1: SINGLE (Groundball, 56D)
Mario Álvarez scores
Miguel Colón to third
Runner from 3rd tries for Home, SAFE, no throw
Batting: RHB Greg Handrahan 0-0: Ball
1-0: Foul Ball, location: 2F
1-1: Ball
2-1: Ball
3-1: Called Strike
3-2: Foul Ball, location: 2F
3-2: Base on Balls
Arturo Sánchez to second
Pitching: RHP António Sánchez
Batting: SHB Oliver Deleón 0-0: Fly out, F5 (Popup, 5SF)
Batting: RHB Dan Banks 0-0: Fly out, F8 (Flyball, 8RD)
Bottom of the 8th over - 2 runs, 3 hits, 0 errors, 2 left on base; Vista 0 - New Orleans 7
TOP OF THE 9TH
Vista Panthers batting - Pitching for New Orleans Looters : RHP Edward Baker
Batting: LHB Dante Owens 0-0: Ball
1-0: Ball
2-0: Swinging Strike
2-1: Swinging Strike
2-2: Ball
3-2: Foul Ball, location: 2F
3-2: Fly out, F8 (Flyball, 89S)
Batting: RHB Cisco Gatán 0-0: Ball
1-0: Foul Ball, location: 2F
1-1: Foul Ball, location: 2F
1-2: SINGLE (Line Drive, 89S)
Batting: RHB Justin Burgess 0-0: Called Strike
0-1: Foul Ball, location: 2F
0-2: Strikes out swinging
Batting: RHB Phil Matthews 0-0: Ball
1-0: Called Strike
1-1: Swinging Strike
1-2: Strikes out swinging
Top of the 9th over - 0 runs, 1 hit, 0 errors, 1 left on base; Vista 0 - New Orleans 7
Saturday, April 7th, 2018 - OOTP Baseball 18.8 Build 76